 Dungeon Crawl Stone Soup version 0.31-a0-185-g9dded2c639 (webtiles) character file.

Game seed: 9292176813994309812

14 qw the Shooter (level 2, -3/16 HPs)
             Began as a Deep Elf Hunter on June 22, 2023.
             Succumbed to their own poison gas
             ... on level 2 of the Dungeon.
             The game lasted 00:00:07 (189 turns).

qw the Shooter (Deep Elf Hunter)                     Turns: 189, Time: 00:00:08

Health: -3/16      AC:  3    Str:  8    XL:     2   Next: 27%
Magic:  4/4        EV: 12    Int: 13    God:
Gold:   0          SH:  0    Dex: 18    Spells: 1/1 levels left

rFire   . . .        Y - +0 shortbow
rCold   . . .        (shield currently unavailable)
rNeg    . . .        c - +0 leather armour
rPois   .            (no helmet)
rElec   .            (no cloak)
rCorr   .            (no gloves)
SInv    .            (no boots)
Will    .....        (no amulet)
Stlth   ++           (no ring)
HPRegen 0.22/turn    (no ring)
MPRegen 0.09/turn

%: no passive effects
@: lethally poisoned (-3 -> -34)
A: no striking features
a: no special abilities


You were on level 2 of the Dungeon.
You visited 1 branch of the dungeon, and saw 2 of its levels.


   Skills:
 - Level 1.5 Fighting
 + Level 6.1 Ranged Weapons
 - Level 2.4 Dodging
 - Level 1.2 Stealth


You had one spell level left.
You didn't know any spells.
Your spell library was empty.

Inventory:

Hand Weapons
 Y - a +0 shortbow (weapon)
Armour
 c - a +0 leather armour (worn)
Potions
 d - a potion of berserk rage {unknown}
 e - a potion of experience {unknown}
 h - a potion of degeneration {unknown}

Dungeon Overview and Level Annotations

Branches:
Dungeon (2/15)

Altars:


Message History

Enter note:
i - a scroll labelled EPLIKUPSEE
Enter note:
Enter note:
Enter note: A ball python comes into view.
Enter note:
Enter note:
Enter note: You shoot an arrow.
The arrow hits the ball python.
You kill the ball python!
A sourceless malevolence fills the Dungeon...
You fall into a shaft and drop 1 floor!
The shaft crumbles and collapses.
Found a stone staircase leading up.
Waypoint 1 assigned to D:2.
184 ||| READING scroll labelled LOSAHYA IFOO.
As you read the scroll labelled LOSAHYA IFOO, it crumbles to dust.
The air around you briefly surges with heat, but it dissipates.
It was a scroll of immolation.
185 ||| READING scroll labelled ETUYZX ZULU.
As you read the scroll labelled ETUYZX ZULU, it crumbles to dust.
It is a scroll of identify.
Really abort (and waste the scroll)?
186 ||| READING scroll labelled EPLIKUPSEE.
The air fills with toxic fumes!
As you read the scroll labelled EPLIKUPSEE, it crumbles to dust.
It was a scroll of poison.
187 ||| DROPPING scroll of butterflies.
You drop a scroll of butterflies.
(D) Dungeon
Where to? (* - list waypoints, ? - help)
What level of the Dungeon? (default 1, ? - help) Sorry, I don't know how to get there.
Really walk into that cloud of poison gas?
You are engulfed in poison gas.
You are poisoned.
You feel very sick.
There is a stone staircase leading up here.
189 ||| STAIRDANCE You are engulfed in poison gas.
You are more poisoned.
You die...

# .#
#####..
.¤¤.
##¤##
#?@¤#
+¤¤¤¤¤¤¤#
####¤¤¤##
##¤## ###


There were no monsters in sight!

Vanquished Creatures
  An endoplasm (D:1)
  A giant cockroach (D:1)
  3 hobgoblins (D:1)
  2 kobolds (D:1)
  A quokka (D:1)
  A ball python (D:1)
  2 bats (D:1)
  A frilled lizard (D:1)
  A goblin (D:1)
13 creatures vanquished.

Notes
Turn   | Place    | Note
-------+----------+-------------------------------------------
     0 | D:1      | qw the Deep Elf Hunter began the quest for the Orb.
     0 | D:1      | Reached XP level 1. HP: 12/12 MP: 3/3
     0 | D:1      | 0 ||| qw: Version: 0.3-a-9-g12657ce
     0 | D:1      | 0 ||| qw: Game counter: 1859
     0 | D:1      | 0 ||| qw: Always use a shield: true
     0 | D:1      | 0 ||| qw: God list: Okawaru
     0 | D:1      | 0 ||| qw: Allow faded altars: false
     0 | D:1      | 0 ||| qw: Do Orc after D:15 true
     0 | D:1      | 0 ||| qw: Do second Lair branch before Depths: true
     0 | D:1      | 0 ||| qw: Lair rune preference: random
     0 | D:1      | 0 ||| qw: Plans: Normal
     0 | D:1      | 0 ||| PLANNING D:1-11
    53 | D:1      | Reached XP level 2. HP: 16/16 MP: 4/4
    56 | D:1      | Reached skill level 6 in Ranged Weapons
   183 | D:1      | You fall into a shaft and drop 1 floor!
   184 | D:2      | 184 ||| READING scroll labelled LOSAHYA IFOO.
   185 | D:2      | 185 ||| READING scroll labelled ETUYZX ZULU.
   186 | D:2      | 186 ||| READING scroll labelled EPLIKUPSEE.
   187 | D:2      | 187 ||| DROPPING scroll of butterflies.
   189 | D:2      | 189 ||| STAIRDANCE
   189 | D:2      | HP: 4/16 [cloud of poison gas (6)]
   189 | D:2      | Succumbed to their own poison gas

Levels and vault maps discovered:
D:1:      kennysheep_arrival_forest, layout_rooms
D:2:      minmay_door_path, layout_loops_corners,
          dreamdust_ecumenical_altar_grove, minmay_quadrilaterals

Skill      XL: |  1  2 |
---------------+-------+-----
Ranged Weapons | 6 |  6.1
Fighting       | |  1.5
Dodging        | |  2.4
Stealth        | |  1.2

Action                     || total
---------------------------++-------
   Fire: Shortbow          ||    30
    Use: Scroll            ||     3
 Armour: Leather armour    ||     2
  Dodge: Dodged            ||     7

Table legend:
 A = Non-vault XP
 B = Vault XP
 C = Vault XP percentage of total XP
 D = Non-vault monster count
 E = Vault monster count
 F = Vault count percentage of total count
                 A         B        C        D         E       F
            +---------+---------+-------+---------+---------+-------
      Total |      20 |       0 |   0.0 |      13 |       0 |   0.0
            +---------+---------+-------+---------+---------+-------
        D:1 |      20 |       0 |   0.0 |      13 |       0 |   0.0
            +---------+---------+-------+---------+---------+-------
